 Dungeon Crawl Stone Soup version 0.29.0-4-gdea44cf6ec (webtiles) character file.

Game seed: 3501042163369468603

120772 qw the Severer (level 16, -10/101 HPs)
             Began as a Tengu Warper on Aug 28, 2022.
             Was a High Priest of Okawaru.
             Mangled by a nagaraja
             ... wielding a +1 flail of venom
              (17 damage)
             ... on level 2 of the Snake Pit.
             The game lasted 00:03:55 (26231 turns).

qw the Severer (Tengu Warper)                      Turns: 26231, Time: 00:03:56

Health: -10/101    AC: 30    Str: 38    XL:     16   Next: 83%
Magic:  24/24      EV: 17    Int: 12    God:    Okawaru [*****.]
Gold:   891        SH: 16    Dex: 13    Spells: 19/19 levels left

rFire   . . .      SeeInvis +   i - +8 broad axe (freeze)
rCold   + . .      Faith    .   x - +2 kite shield
rNeg    + . .      Spirit   .   r - +5 plate armour {rF+}
rPois   .          Reflect  .   k - +2 hat
rElec   .          Harm     .   h - +1 cloak of Precision Catastrophes {Str+6}
rCorr   +          Rampage  .   D - +0 pair of gloves "Keironai" {Str+4}
Will    +....                   (boots unavailable)
Stlth   ..........              t - amulet "Quasch" {RegenMP rC+ rN+ Str+4 Dex-2}
HPRegen 0.26/turn               B - ring of Doubts {rPois rF- rCorr SInv Stlth+}
MPRegen 0.59/turn               j - +6 ring of strength

@: lethally poisoned (-10 -> -18), about to teleport, heroic, poison vulnerable,
flying quickly and evasively, quick
A: beak, talons 3, nimble flight, dopey 1, sense surroundings 1, shaggy fur 1
a: Renounce Religion, Heroism, Finesse, Duel


You were on level 2 of the Snake Pit.
You worshipped Okawaru.
Okawaru was extremely pleased with you.
You visited 5 branches of the dungeon, and saw 25 of its levels.
You also visited: Sewer and Gauntlet.

You collected 2914 gold pieces.
You spent 2023 gold pieces at shops.


Innate Abilities, Weirdness & Mutations

You have a beak for a mouth.
You have claws for feet.
Your magical nature lets you fly swiftly and evasively.
You are dopey. (Int -2)
You passively map a small area around you.
You are covered in fur. (AC +1)


   Skills:
 - Level 12.0(17.0) Fighting
 - Level 18.0(23.0) Axes
 - Level 9.0(14.0) Throwing
 + Level 11.7(16.7) Armour
 - Level 9.0(14.0) Dodging
 - Level 12.0(17.0) Shields
 - Level 2.0 Spellcasting
 - Level 2.4 Translocations
 - Level 10.0 Invocations


You had 19 spell levels left.
You didn't know any spells.
Your spell library contained the following spells:

 Spells                   Type           Power      Damage    Failure   Level
 Blink                    Tloc           12%        N/A       65%         2
 Gell's Gravitas          Tloc           6%         N/A       87%         3
 Lesser Beckoning         Tloc           6%         N/A       87%         3
 Teleport Other           Tloc           6%         N/A       87%         3
 Manifold Assault         Tloc           6%         N/A       100%        5

Inventory:

Hand Weapons
 c - a -2 demon whip of venom
 i - a +8 broad axe of freezing (weapon)
Missiles
 g - 27 boomerangs
 y - a silver boomerang
 z - 9 javelins
 C - 3 silver javelins (quivered)
Armour
 h - the +1 cloak of Precision Catastrophes (worn) {Str+6}
   (Okawaru gifted it to you on level 4 of the Lair of Beasts)

   Str:       It affects your strength (+6).
 k - a +2 hat (worn)
 r - a +5 plate armour of fire resistance (worn)
 x - a +2 kite shield (worn)
 D - the +0 pair of gloves "Keironai" (worn) {Str+4}
   (Okawaru gifted it to you on level 1 of the Snake Pit)

   Str:       It affects your strength (+4).
Jewellery
 d - a ring of see invisible
 e - a +6 ring of dexterity
 j - a +6 ring of strength (right hand)
 m - a ring of protection from cold
 s - a ring of fire
 t - the amulet "Quasch" (around neck) {RegenMP rC+ rN+ Str+4 Dex-2}
   (You found it in a Gauntlet)

   [amulet of magic regeneration]

   It increases your rate of magic regeneration.
   Str:       It affects your strength (+4).
   Dex:       It affects your dexterity (-2).
   rC:        It protects you from cold.
   rN:        It protects you from negative energy.
 u - the amulet "Dytukhlawn" {Spirit Str+4}
   (You found it in a Gauntlet)

   [amulet of guardian spirit]

   It causes incoming damage to be divided between your reserves of health and
   magic.
   Str:       It affects your strength (+4).
 v - a ring of fire
 w - a ring of poison resistance
 B - the ring of Doubts (left hand) {rPois rF- rCorr SInv Stlth+}
   (You bought it in a shop on level 2 of the Orcish Mines)

   [ring of poison resistance]

   rF:        It makes you vulnerable to fire.
   rPois:     It protects you from poison.
   SInv:      It lets you see invisible.
   rCorr:     It protects you from acid and corrosion.
   Stlth:     It makes you more stealthy.
 Y - a ring of see invisible
Scrolls
 a - a scroll of fear {unknown}
 l - 15 scrolls of identify
 F - 2 scrolls of teleportation
Potions
 b - 3 potions of might
 f - 3 potions of haste
 n - 4 potions of curing
 o - a potion of magic
 q - 2 potions of mutation
 A - 2 potions of resistance

Dungeon Overview and Level Annotations

Branches:
Dungeon (15/15)            Temple (1/1) D:4            Lair (5/5) D:11
 Shoals (0/4) Lair:3        Snake (2/4) Lair:2        Slime (0/5) Lair:4
    Orc (2/2) D:10            Elf (0/3) Orc:2        Vaults (0/5) D:13
 Depths (0/4) D:15          Sewer (visited)         Gauntlet (visited)

Altars:
Ashenzari
Cheibriados
Dithmenos
Elyvilon
Fedhas
Gozag
Hepliaklqana
Kikubaaqudgha
Makhleb
Nemelex Xobeh
Okawaru
Qazlal
Ru
Sif Muna
Trog
Uskayaw
Vehumet
Wu Jian
Xom
Yredelemnul
Zin
The Shining One
Jiyva

Shops:
D:1 =   D:5 *   D:11 *   D:15 [   Orc:2 =[[(   Snake:1 ??(

Annotations:
D:11 2 transporters, qw's ghost, novice TeWr
D:12 3 runed translucent doors, Cooqonn's ghost, journeyman DsVM; Mocet's ghost, journeyman GnVM; squishfish's ghost, journeyman TrMo
D:14 1 transporter
D:15 3 runed translucent doors, qw's ghost, adept TeWr


Message History

You slash the salamander mystic! You freeze the salamander mystic.
You claw the salamander mystic.
The salamander mystic is almost dead.
You hit the black mamba.
The black mamba seems to slow down.
You freeze the black mamba. The naga mage spits poison at you.
You block the splash of poison.
The guardian serpent coils itself and waves its upper body at you.
The naga warrior blinks!
You block the black mamba's attack.
The salamander mystic casts a spell at you.
The lance of force hits you but does no damage.
The naga mage closely misses you.
You slice the salamander mystic!! You freeze the salamander mystic.
You kill the salamander mystic!
Okawaru accepts your kill.
You hit the naga warrior. You freeze the naga warrior.
You slash the black mamba! You freeze the black mamba.
You kill the black mamba!
Okawaru accepts your kill. The naga warrior misses you.
You block the naga warrior's attack.
You hit the naga warrior. You freeze the naga warrior.
Your kick misses the naga warrior.
The naga warrior is lightly wounded.
You carve the naga warrior like a ham!!!
You freeze the naga warrior. Your kick misses the naga warrior.
Your peck misses the naga warrior.
The naga warrior is severely wounded.
You hear a shout!
You hear an angry hiss.
The nagaraja spits poison at you.
The splash of poison hits you but does no damage.
You are poisoned.
The naga warrior hits you with a +0 halberd!!
You block the naga warrior's attack.
26231 ||| READING 3 scrolls of teleportation.
As you read the scroll of teleportation, it crumbles to dust.
You feel strangely unstable.
You feel very sick. You block the naga warrior's attack. x2
The nagaraja hits you with a +1 flail of venom!
You die...

#.## #...## #..##
#....## #...###
##.....#
#.....###.......
##...............
*
#..[....########.
#.....###, , ,##
, * ##...### ~ ,
# * #@#### , , ,
, * #NNNN...~ ~ ~
,,* #.S....~~ , ,
, .......~., , ,
, , , .......~~ ,
, .........~ ~
.(.####...,, , ,
, ,..... ##. , *
, , * * , ,##


You could see a nagaraja (fast, strong, catching breath), a naga warrior
(strong), a naga ritualist (strong), a guardian serpent and a naga mage (fast,
strong).

Vanquished Creatures
  Frances (D:14)
  Agnes (D:14)
  An ironbound preserver (D:13)
  A stone giant (D:15)
  A minotaur (Gauntlet)
  5 hydras
  4 ogre magi (Orc:2)
  Fannar (D:11)
  5 anacondas
  3 boulder beetles
  15 two-headed ogres
  2 naga warriors
  Erica (Lair:1)
  7 centaur warriors
  2 death scarabs (Gauntlet)
  3 tengu warriors
  Urug (Lair:3)
  3 death yaks (Lair:5)
  2 shock serpents
  A naga sharpshooter (Snake:1)
  2 salamander mystics
  Amaemon (Lair:2)
  5 naga ritualists
  An obsidian statue (Gauntlet)
  A lindwurm (Lair:4)
  Pikel (D:8)
  An orc knight (D:15)
  An orc sorcerer (Orc:1)
  3 deep elf pyromancers
  4 oklob plants
  10 mana vipers
  An ugly thing (D:13)
  5 cyclopes
  4 manticores
  6 elephants (Lair:4)
  5 salamanders
  An orange demon (Lair:2)
  5 naga magi
  32 black mambas
  2 torpor snails
  2 gargoyles
  An unseen horror (shapeshifter) (D:14)
  17 cane toads
  A rime drake (Lair:4)
  12 komodo dragons
  A freezing wraith (D:15)
  2 ice devils (D:11)
  A queen bee (D:12)
  8 trolls
  3 meliai (D:12)
  A wolf spider simulacrum (D:13)
  6 hornets (Lair:5)
  4 polar bears
  A spectral black mamba (Gauntlet)
  25 blink frogs
  3 wyverns
  6 wraiths
  A ynoxinul (D:9)
  13 spriggans (Lair:5)
  A culicivora (shapeshifter) (D:13)
  2 water elementals (D:15)
  A shadow (D:12)
  41 yaks
  Grum (D:8)
  8 vampire mosquitoes
  4 steam dragons
  5 basilisks
  A spectral cane toad (Gauntlet)
  2 wargs
  4 nagas
  2 acid dragons
  20 water moccasins
  A swamp drake (D:10)
  12 orc warriors
  4 boggarts (Lair:5)
  4 black bears
  36 wolves
  6 ice beasts
  27 ogres
  13 centaurs
  2 lemures (D:8)
  4 phantoms
  8 kobold brigands
  14 bullfrogs
  4 gnoll sergeants (D:8)
  3 scorpions
  5 wights (D:9)
  33 killer bees
  An electric eel (D:8)
  7 howler monkeys
  A crimson imp (D:6)
  18 orc priests
  7 hounds
  4 gnoll boudas
  4 iguanas
  4 iron imps
  Ijyb (D:5)
  25 orc wizards
  11 hell rats
  35 gnolls
  15 adders
  3 river rats (Sewer)
  A shadow imp (D:7)
  2 white imps (D:5)
  An ufetubus (D:6)
  8 worms
  3 dart slugs (D:1)
  63 orcs
  15 ball pythons
  5 endoplasms
  2 giant cockroaches
  10 goblins
  5 hobgoblins
  8 jackals
  23 kobolds
  7 quokkas
  7 bats
  2 frilled lizards
  10 rats
  A withered plant (Gauntlet)
836 creatures vanquished.

Vanquished Creatures (others)
  58 fungi
  81 plants
  3 withered plants (Gauntlet)
142 creatures vanquished.

Grand Total: 978 creatures vanquished

Notes
Turn   | Place    | Note
-------+----------+-------------------------------------------
     0 | D:1      | qw the Tengu Warper began the quest for the Orb.
     0 | D:1      | Reached XP level 1. HP: 12/12 MP: 4/4
     0 | D:1      | 0 ||| qw: Version: 0.1-a-89-g26bdef1
     0 | D:1      | 0 ||| qw: Game counter: 3092
     0 | D:1      | 0 ||| qw: Always use a shield: true
     0 | D:1      | 0 ||| qw: God list: Okawaru
     0 | D:1      | 0 ||| qw: Allow faded altars: false
     0 | D:1      | 0 ||| qw: Do Orc after D:15 true
     0 | D:1      | 0 ||| qw: Do second Lair branch before Depths: true
     0 | D:1      | 0 ||| qw: Lair rune preference: random
     0 | D:1      | 0 ||| qw: Plans: Normal
     0 | D:1      | 0 ||| PLANNING D:1-11
    10 | D:1      | 10 ||| Stepping ~*~*~tactically~*~*~ (stealth).
    12 | D:1      | 12 ||| Stepping ~*~*~tactically~*~*~ (stealth).
    26 | D:1      | 26 ||| Stepping ~*~*~tactically~*~*~ (stealth).
    92 | D:1      | Reached XP level 2. HP: 13/17 MP: 6/6
   174 | D:1      | Reached skill level 3 in Axes
   212 | D:1      | 212 ||| Stepping ~*~*~tactically~*~*~ (hiding).
   223 | D:1      | 223 ||| Stepping ~*~*~tactically~*~*~ (hiding).
   325 | D:1      | 325 ||| Stepping ~*~*~tactically~*~*~ (hiding).
   695 | D:1      | Reached XP level 3. HP: 18/21 MP: 7/7
   785 | D:1      | 785 ||| DROPPING +0 vorpal hand axe.
   803 | D:1      | Reached skill level 4 in Axes
   983 | D:1      | Found a faded altar of an unknown god.
   996 | D:1      | Found Joritek's Jewellery Shoppe.
  1001 | D:1      | 1001 ||| Stepping ~*~*~tactically~*~*~ (hiding).
  1103 | D:1      | 1103 ||| Stepping ~*~*~tactically~*~*~ (hiding).
  1215 | D:1      | 1215 ||| SHOPLISTING +4 ring of evasion (468 gold, have
                  | 35).
  1215 | D:1      | 1215 ||| SHOPLISTING ring of ice (325 gold, have 35).
  1215 | D:1      | 1215 ||| SHOPLISTING ring of protection from cold (325
                  | gold, have 35).
  1218 | D:1      | 1218 ||| Stepping ~*~*~tactically~*~*~ (hiding).
  1320 | D:1      | 1320 ||| Stepping ~*~*~tactically~*~*~ (hiding).
  1681 | D:1      | 1681 ||| UPGRADING to +0 scale mail.
  1691 | D:1      | 1691 ||| DROPPING +0 leather armour.
  1692 | D:1      | 1692 ||| UPGRADING to amulet of regeneration.
  1697 | D:1      | 1697 ||| UPGRADING to ring of protection from cold.
  1698 | D:1      | 1698 ||| READING scroll labelled XILAILITAT.
  1699 | D:1      | 1699 ||| DRINKING 2 fuming coppery potions.
  1700 | D:1      | 1700 ||| DROPPING scroll of blinking.
  1834 | D:2      | 1834 ||| Stepping ~*~*~tactically~*~*~ (stealth).
  1845 | D:2      | 1845 ||| DROPPING +0 club.
  1911 | D:2      | Reached XP level 4. HP: 21/26 MP: 8/8
  2140 | D:2      | 2140 ||| Stepping ~*~*~tactically~*~*~ (stealth).
  2219 | D:2      | 2219 ||| READING scroll labelled KEYD TYWOITUL.
  2220 | D:2      | 2220 ||| Stepping randomly (stuck).
  2221 | D:2      | 2221 ||| Stepping ~*~*~tactically~*~*~ (cloud).
  2305 | D:3      | Reached skill level 5 in Axes
  2325 | D:3      | 2325 ||| SWAPPING to +0 war axe.
  2326 | D:3      | 2326 ||| DROPPING +0 whip.
  2327 | D:3      | 2327 ||| DROPPING +0 hand axe.
  2464 | D:3      | Gained mutation: Your magical nature lets you fly swiftly
                  | and evasively. [Tengu growth]
  2464 | D:3      | Reached XP level 5. HP: 24/30 MP: 9/9
  2479 | D:3      | Found a glowing silver altar of Zin.
  2810 | D:3      | 2810 ||| READING scroll labelled VENOUDW DICHU.
  2811 | D:3      | 2811 ||| DRINKING 2 smoky white potions.
  2812 | D:3      | 2812 ||| DROPPING potion of degeneration.
  2842 | D:4      | 2842 ||| STAIRDANCE
  2847 | D:4      | 2847 ||| STAIRDANCE
  2853 | D:4      | 2853 ||| STAIRDANCE
  2871 | D:4      | Found a staircase to the Ecumenical Temple.
  2872 | D:4      | 2872 ||| PLANNING TEMPLE
  2880 | Temple   | Entered the Ecumenical Temple
  2991 | Temple   | Became a worshipper of Warmaster Okawaru
  3155 | Temple   | 3155 ||| PLANNING D:1-11
  3213 | D:4      | Reached skill level 6 in Axes
  3279 | D:4      | Noticed a phantom
  3293 | D:4      | Killed a phantom
  3294 | D:4      | Reached skill level 7 in Axes
  3294 | D:4      | Reached XP level 6. HP: 30/35 MP: 10/10
  3635 | D:4      | 3635 ||| Stepping ~*~*~tactically~*~*~ (stealth).
  3636 | D:4      | 3636 ||| Stepping ~*~*~tactically~*~*~ (stealth).
  3637 | D:4      | 3637 ||| Stepping ~*~*~tactically~*~*~ (hiding).
  3638 | D:4      | 3638 ||| Stepping ~*~*~tactically~*~*~ (hiding).
  3639 | D:4      | 3639 ||| Stepping ~*~*~tactically~*~*~ (hiding).
  3640 | D:4      | 3640 ||| Stepping ~*~*~tactically~*~*~ (hiding).
  3826 | D:4      | 3826 ||| UPGRADING to +0 pair of gloves.
  3831 | D:4      | 3831 ||| UPGRADING to +0 chain mail.
  3841 | D:4      | 3841 ||| DROPPING +0 scale mail.
  3842 | D:4      | 3842 ||| READING scroll labelled MUCZOMO CEFFE.
  3843 | D:4      | 3843 ||| READING scroll labelled KIYHANG ODWO.
  3844 | D:4      | 3844 ||| DRINKING 2 sedimented orange potions.
  3845 | D:4      | 3845 ||| DROPPING potion of brilliance.
  3858 | D:5      | Entered Level 5 of the Dungeon
  3859 | D:5      | 3859 ||| PLANNING SEWER
  3860 | D:5      | 3860 ||| Stepping ~*~*~tactically~*~*~ (stealth).
  3919 | D:5      | Found a hide-covered altar of Uskayaw.
  3927 | D:5      | Noticed Ijyb
  3928 | D:5      | Paralysed by Ijyb for 2 turns
  3935 | D:5      | Killed Ijyb
  4006 | D:5      | Reached skill level 3 in Fighting
  4111 | D:5      | Reached * piety under Okawaru
  4112 | D:5      | Reached XP level 7. HP: 41/41 MP: 11/11
  4113 | D:5      | 4113 ||| INVOKING Heroism.
  4114 | D:5      | 4114 ||| INVOKING Heroism.
  4120 | D:5      | HP: 6/41 [ogre/+0 giant spiked club (10)]
  4124 | D:5      | Reached skill level 1 in Invocations
  4210 | D:5      | 4210 ||| INVOKING Heroism.
  4261 | D:5      | Found a glowing drain.
  4262 | D:5      | 4262 ||| READING scroll labelled BEIMPO HAVAIM.
  4263 | D:5      | 4263 ||| DRINKING 2 glowing green potions.
  4264 | D:5      | 4264 ||| DRINKING 2 glowing emerald potions.
  4265 | D:5      | 4265 ||| READING 2 scrolls of identify.
  4265 | D:5      | 4265 ||| IDENTIFYING dark potion
  4266 | D:5      | 4266 ||| DROPPING potion of attraction.
  4282 | D:5      | 4282 ||| INVOKING Heroism.
  4295 | Sewer    | Entered a sewer
  4299 | Sewer    | Reached skill level 8 in Axes
  4337 | Sewer    | 4337 ||| Stepping ~*~*~tactically~*~*~ (stealth).
  4368 | Sewer    | Reached skill level 3 in Armour
  4368 | Sewer    | Reached skill level 3 in Invocations
  4368 | Sewer    | Reached XP level 8. HP: 39/46 MP: 12/12
  4490 | Sewer    | Reached ** piety under Okawaru
  4542 | Sewer    | 4542 ||| INVOKING Heroism.
  4546 | Sewer    | HP: 11/46 [poisoned by a kobold brigand (curare-tipped
                  | dart)]
  4626 | Sewer    | 4626 ||| Stepping ~*~*~tactically~*~*~ (stealth).
  4628 | Sewer    | 4628 ||| Stepping ~*~*~tactically~*~*~ (stealth).
  4633 | Sewer    | 4633 ||| Stepping ~*~*~tactically~*~*~ (stealth).
  4735 | Sewer    | 4735 ||| READING 2 scrolls labelled CIZOGI KABAK.
  4736 | Sewer    | 4736 ||| READING scroll of enchant weapon.
  4736 | Sewer    | 4736 ||| ENCHANTING +1 war axe.
  4737 | Sewer    | 4737 ||| DRINKING 2 silvery potions.
  4738 | Sewer    | 4738 ||| READING 2 scrolls of identify.
  4738 | Sewer    | 4738 ||| IDENTIFYING grey potion
  4739 | Sewer    | 4739 ||| DROPPING potion of lignification.
  4766 | D:5      | 4766 ||| PLANNING D:1-11
  4785 | D:5      | Reached skill level 9 in Axes
  4803 | D:5      | Identified the +10 long sword of Homaill {drain, rElec}
  4810 | D:5      | 4810 ||| Stepping ~*~*~tactically~*~*~ (hiding).
  4882 | D:5      | Found a stormy altar of Qazlal.
  4883 | D:5      | 4883 ||| Stepping ~*~*~tactically~*~*~ (hiding).
  4980 | D:5      | 4980 ||| INVOKING Heroism.
  5003 | D:5      | 5003 ||| INVOKING Heroism.
  5441 | D:5      | Found Nusoh's General Store.
  5449 | D:5      | 5449 ||| SHOPLISTING +1 plate armour of Jyizecir {Will+
                  | Regen+ Stlth+} (520 gold, have 265).
  5449 | D:5      | 5449 ||| BUYING scroll of enchant weapon (90 gold).
  5449 | D:5      | Bought a scroll of enchant weapon for 90 gold pieces
  5449 | D:5      | 5449 ||| BUYING scroll of teleportation (36 gold).
  5449 | D:5      | Bought a scroll of teleportation for 36 gold pieces
  5449 | D:5      | 5449 ||| SHOPLISTING wand of digging (4) (201 gold, have
                  | 139).
  5449 | D:5      | 5449 ||| READING scroll of enchant weapon.
  5449 | D:5      | 5449 ||| ENCHANTING +2 war axe.
  5486 | D:5      | 5486 ||| UPGRADING to +0 chain mail of willpower.
  5496 | D:5      | 5496 ||| DROPPING +0 chain mail.
  5497 | D:5      | 5497 ||| READING scroll labelled QUOCAE YCWIUW.
  5549 | D:6      | Reached skill level 10 in Axes
  5549 | D:6      | Reached XP level 9. HP: 52/52 MP: 13/13
  5600 | D:6      | Found a basalt altar of Yredelemnul.
  5611 | D:6      | Reached skill level 3 in Dodging
  5762 | D:6      | 5762 ||| INVOKING Heroism.
  5808 | D:6      | Found a sparkling altar of Nemelex Xobeh.
  6068 | D:6      | Found a burning altar of Makhleb.
  6069 | D:6      | Found a radiant altar of Vehumet.
  6074 | D:6      | 6074 ||| UPGRADING to +0 cloak.
  6079 | D:6      | 6079 ||| DRINKING 2 puce potions.
  6080 | D:6      | 6080 ||| DRINKING 3 coppery potions.
  6080 | D:6      | Gained mutation: You occasionally lose the ability to drink
                  | potions when taking damage. [potion of mutation]
  6080 | D:6      | Gained mutation: Armour fits poorly on your strangely
                  | shaped body. [potion of mutation]
  6081 | D:6      | 6081 ||| DRINKING 2 potions of mutation.
  6081 | D:6      | Lost mutation: You occasionally lose the ability to drink
                  | potions when taking damage. [potion of mutation]
  6081 | D:6      | Lost mutation: Armour fits poorly on your strangely shaped
                  | body. [potion of mutation]
  6081 | D:6      | Gained mutation: You are dopey. (Int -2) [potion of
                  | mutation]
  6081 | D:6      | Gained mutation: You are covered in fur. (AC +1) [potion of
                  | mutation]
  6081 | D:6      | Gained mutation: You passively map a small area around you.
                  | [potion of mutation]
  6082 | D:6      | 6082 ||| READING 2 scrolls of identify.
  6082 | D:6      | 6082 ||| IDENTIFYING fizzy yellow potion
  6083 | D:6      | 6083 ||| DROPPING potion of invisibility.
  6123 | D:7      | 6123 ||| Stepping ~*~*~tactically~*~*~ (stealth).
  6149 | D:7      | 6149 ||| Stepping ~*~*~tactically~*~*~ (stealth).
  6155 | D:7      | 6155 ||| INVOKING Heroism.
  6234 | D:7      | Reached *** piety under Okawaru
  6257 | D:7      | 6257 ||| INVOKING Heroism.
  6380 | D:7      | 6380 ||| INVOKING Heroism.
  6385 | D:7      | Reached skill level 11 in Axes
  6401 | D:7      | 6401 ||| DROPPING +0 flail.
  6451 | D:7      | 6451 ||| READING scroll of enchant weapon.
  6451 | D:7      | 6451 ||| ENCHANTING +3 war axe of electrocution.
  6515 | D:7      | 6515 ||| FLEEEEING.
  6516 | D:7      | 6516 ||| FLEEEEING.
  6517 | D:7      | 6517 ||| FLEEEEING.
  6518 | D:7      | 6518 ||| FLEEEEING.
  6521 | D:7      | 6521 ||| FLEEEEING.
  6695 | D:7      | 6695 ||| Stepping ~*~*~tactically~*~*~ (stealth).
  6697 | D:7      | 6697 ||| Stepping ~*~*~tactically~*~*~ (stealth).
  6845 | D:7      | 6845 ||| Stepping ~*~*~tactically~*~*~ (hiding).
  6849 | D:7      | 6849 ||| INVOKING Heroism.
  6854 | D:7      | 6854 ||| Stepping ~*~*~tactically~*~*~ (cloud).
  6948 | D:7      | 6948 ||| UPGRADING to +0 plate armour.
  6958 | D:7      | 6958 ||| DROPPING +0 chain mail of willpower.
  6959 | D:7      | 6959 ||| READING 2 scrolls of identify.
  6959 | D:7      | 6959 ||| IDENTIFYING black potion
  6960 | D:7      | 6960 ||| DROPPING potion of berserk rage.
  7003 | D:8      | 7003 ||| INVOKING Heroism.
  7005 | D:8      | 7005 ||| Stepping ~*~*~tactically~*~*~ (stealth).
  7006 | D:8      | 7006 ||| STAIRDANCE
  7016 | D:7      | Reached skill level 6 in Armour
  7016 | D:7      | Reached XP level 10. HP: 46/59 MP: 12/14
  7031 | D:8      | 7031 ||| STAIRDANCE
  7037 | D:7      | Reached **** piety under Okawaru
  7038 | D:7      | Reached skill level 12 in Axes
  7069 | D:8      | 7069 ||| Stepping ~*~*~tactically~*~*~ (stealth).
  7070 | D:8      | 7070 ||| Stepping ~*~*~tactically~*~*~ (stealth).
  7096 | D:8      | 7096 ||| Stepping ~*~*~tactically~*~*~ (stealth).
  7097 | D:8      | 7097 ||| Stepping ~*~*~tactically~*~*~ (stealth).
  7098 | D:8      | 7098 ||| Stepping ~*~*~tactically~*~*~ (stealth).
  7182 | D:8      | 7182 ||| INVOKING Heroism.
  7249 | D:8      | 7249 ||| READING scroll of enchant armour.
  7249 | D:8      | 7249 ||| ENCHANTING +0 pair of gloves.
  7289 | D:8      | Noticed Pikel
  7292 | D:8      | 7292 ||| INVOKING Heroism.
  7305 | D:8      | Killed Pikel
  7306 | D:8      | Reached skill level 6 in Fighting
  7320 | D:8      | Noticed Grum
  7321 | D:8      | 7321 ||| INVOKING Heroism.
  7335 | D:8      | HP: 13/61 [Grum/-2 spear of venom (8)]
  7336 | D:8      | 7336 ||| READING scroll of teleportation.
  7337 | D:8      | 7337 ||| DRINKING 2 potions of heal wounds.
  7339 | D:8      | Killed Grum
  7397 | D:8      | 7397 ||| INVOKING Heroism.
  7492 | D:8      | 7492 ||| INVOKING Heroism.
  7519 | D:8      | 7519 ||| INVOKING Heroism.
  7641 | D:8      | 7641 ||| INVOKING Heroism.
  7784 | D:8      | 7784 ||| INVOKING Heroism.
  7804 | D:8      | Reached skill level 6 in Invocations
  7977 | D:8      | 7977 ||| READING scroll of enchant armour.
  7977 | D:8      | 7977 ||| ENCHANTING +1 pair of gloves.
  8066 | D:8      | 8066 ||| UPGRADING to +2 kite shield.
  8071 | D:8      | 8071 ||| UPGRADING to +6 ring of strength.
  8072 | D:8      | 8072 ||| READING 2 scrolls labelled LOXKAWKYRIT.
  8101 | D:8      | 8101 ||| DRINKING 3 pink potions.
  8102 | D:8      | 8102 ||| READING 3 scrolls of identify.
  8102 | D:8      | 8102 ||| IDENTIFYING fizzy silvery potion
  8103 | D:8      | 8103 ||| READING 2 scrolls of identify.
  8103 | D:8      | 8103 ||| IDENTIFYING white potion
  8104 | D:8      | 8104 ||| DROPPING potion of ambrosia.
  8105 | D:8      | 8105 ||| DROPPING scroll of torment.
  8134 | D:9      | 8134 ||| Stepping ~*~*~tactically~*~*~ (stealth).
  8141 | D:9      | 8141 ||| INVOKING Heroism.
  8145 | D:9      | Reached skill level 1 in Shields
  8148 | D:9      | Reached ***** piety under Okawaru
  8174 | D:9      | 8174 ||| Stepping ~*~*~tactically~*~*~ (hiding).
  8179 | D:9      | Found a shimmering blue altar of Sif Muna.
  8182 | D:9      | 8182 ||| INVOKING Heroism.
  8221 | D:9      | Found a bloodstained altar of Trog.
  8222 | D:9      | 8222 ||| INVOKING Heroism.
  8228 | D:9      | Reached XP level 11. HP: 63/65 MP: 13/16
  8299 | D:9      | 8299 ||| Stepping ~*~*~tactically~*~*~ (stealth).
  8301 | D:9      | 8301 ||| INVOKING Heroism.
  8304 | D:9      | 8304 ||| Stepping ~*~*~tactically~*~*~ (stealth).
  8323 | D:9      | 8323 ||| Stepping ~*~*~tactically~*~*~ (stealth).
  8330 | D:9      | Reached skill level 3 in Shields
  8331 | D:9      | 8331 ||| Stepping ~*~*~tactically~*~*~ (hiding).
  8336 | D:9      | 8336 ||| INVOKING Heroism.
  8351 | D:9      | 8351 ||| Stepping ~*~*~tactically~*~*~ (stealth).
  8353 | D:9      | 8353 ||| Stepping ~*~*~tactically~*~*~ (stealth).
  8355 | D:9      | 8355 ||| Stepping ~*~*~tactically~*~*~ (stealth).
  8367 | D:9      | 8367 ||| Stepping ~*~*~tactically~*~*~ (stealth).
  8371 | D:9      | 8371 ||| Stepping ~*~*~tactically~*~*~ (stealth).
  8373 | D:9      | 8373 ||| Stepping ~*~*~tactically~*~*~ (stealth).
  8528 | D:9      | 8528 ||| Stepping ~*~*~tactically~*~*~ (stealth).
  8529 | D:9      | 8529 ||| Stepping ~*~*~tactically~*~*~ (stealth).
  8530 | D:9      | 8530 ||| Stepping ~*~*~tactically~*~*~ (stealth).
  8540 | D:9      | 8540 ||| INVOKING Heroism.
  8599 | D:9      | 8599 ||| Stepping ~*~*~tactically~*~*~ (hiding).
  8602 | D:9      | 8602 ||| Stepping ~*~*~tactically~*~*~ (hiding).
  8604 | D:9      | 8604 ||| Stepping ~*~*~tactically~*~*~ (stealth).
  8848 | D:9      | 8848 ||| UPGRADING to ring of see invisible.
  8850 | D:9      | 8850 ||| READING scroll labelled WUANIYT VINUN.
  8851 | D:9      | 8851 ||| READING 2 scrolls of identify.
  8851 | D:9      | 8851 ||| IDENTIFYING murky amethyst potion
  8852 | D:9      | 8852 ||| DROPPING potion of flight.
  8861 | D:9      | 8861 ||| Stepping ~*~*~tactically~*~*~ (hiding).
  8866 | D:9      | 8866 ||| INVOKING Heroism.
  8868 | D:9      | 8868 ||| Stepping ~*~*~tactically~*~*~ (hiding).
  8911 | D:10     | Entered Level 10 of the Dungeon
  8912 | D:10     | 8912 ||| STAIRDANCE
  8917 | D:10     | 8917 ||| STAIRDANCE
  8952 | D:10     | Found an ornate altar of the Wu Jian Council.
  9038 | D:10     | Found a snail-covered altar of Cheibriados.
  9059 | D:10     | 9059 ||| INVOKING Heroism.
  9060 | D:10     | 9060 ||| Stepping ~*~*~tactically~*~*~ (hiding).
  9062 | D:10     | 9062 ||| Stepping ~*~*~tactically~*~*~ (hiding).
  9063 | D:10     | 9063 ||| Stepping ~*~*~tactically~*~*~ (hiding).
  9064 | D:10     | 9064 ||| Stepping ~*~*~tactically~*~*~ (hiding).
  9076 | D:10     | 9076 ||| Stepping ~*~*~tactically~*~*~ (stealth).
  9082 | D:10     | 9082 ||| Stepping ~*~*~tactically~*~*~ (hiding).
  9084 | D:10     | 9084 ||| Stepping ~*~*~tactically~*~*~ (hiding).
  9085 | D:10     | 9085 ||| Stepping ~*~*~tactically~*~*~ (hiding).
  9102 | D:10     | Found a staircase to the Orcish Mines.
  9119 | D:10     | 9119 ||| INVOKING Heroism.
  9120 | D:10     | 9120 ||| DRINKING potion of resistance.
  9239 | D:10     | Noticed a two-headed ogre
  9241 | D:10     | 9241 ||| INVOKING Heroism.
  9250 | D:10     | Killed a two-headed ogre
  9292 | D:10     | 9292 ||| INVOKING Heroism.
  9536 | D:10     | Found a hazy altar of Hepliaklqana.
  9626 | D:10     | Found a blossoming altar of Fedhas.
  9732 | D:11     | 9732 ||| STAIRDANCE
  9740 | D:11     | 9740 ||| STAIRDANCE
  9747 | D:11     | 9747 ||| STAIRDANCE
  9758 | D:11     | 9758 ||| STAIRDANCE
  9777 | D:11     | 9777 ||| STAIRDANCE
  9777 | D:11     | Noticed a cyclops
  9779 | D:10     | 9779 ||| INVOKING Heroism.
  9781 | D:10     | Received a gift from Okawaru
  9793 | D:10     | 9793 ||| SWAPPING to +4 vorpal broad axe.
  9794 | D:10     | 9794 ||| DROPPING +4 war axe of electrocution.
  9797 | D:11     | 9797 ||| STAIRDANCE
  9806 | D:10     | Reached skill level 6 in Shields
  9828 | D:11     | 9828 ||| STAIRDANCE
  9858 | D:11     | 9858 ||| STAIRDANCE
  9860 | D:10     | 9860 ||| INVOKING Heroism.
  9864 | D:10     | Killed a cyclops
  9875 | D:11     | 9875 ||| STAIRDANCE
  9890 | D:11     | 9890 ||| STAIRDANCE
  9890 | D:11     | Noticed a manticore
  9899 | D:11     | 9899 ||| STAIRDANCE
  9917 | D:11     | 9917 ||| STAIRDANCE
 10021 | D:11     | 10021 ||| STAIRDANCE
 10023 | D:10     | 10023 ||| INVOKING Heroism.
 10052 | D:11     | 10052 ||| STAIRDANCE
 10062 | D:11     | 10062 ||| DRINKING 2 potions of curing.
 10062 | D:11     | 10062 ||| (to cure confusion)
 10066 | D:11     | Reached skill level 9 in Invocations
 10070 | D:11     | Killed a manticore
 10237 | D:11     | Found a staircase to the Lair.
 10270 | D:11     | Noticed Fannar
 10273 | D:11     | Noticed a two-headed ogre
 10274 | D:11     | Found a transporter.
 10275 | D:11     | Noticed qw's ghost (novice TeWr)
 10276 | D:11     | Noticed a two-headed ogre
 10280 | D:11     | Identified the +5 dire flail of Grontol {vorpal, Dex+3
                  | Stlth+}
 10280 | D:11     | Identified the +5 great mace of Embarrassment {vorpal,
                  | rPois Will+}
 10280 | D:11     | Noticed a two-headed ogre
 10281 | D:11     | 10281 ||| INVOKING Heroism.
 10282 | D:11     | Killed Fannar
 10283 | D:11     | Reached XP level 12. HP: 53/71 MP: 16/20
 10315 | D:11     | Found a transporter.
 10341 | D:11     | Found Hymiokhli's General Store.
 10350 | D:11     | 10350 ||| BUYING potion of heal wounds (85 gold).
 10350 | D:11     | Bought a potion of heal wounds for 85 gold pieces
 10436 | D:11     | 10436 ||| Stepping ~*~*~tactically~*~*~ (stealth).
 10450 | D:11     | 10450 ||| INVOKING Heroism.
 10495 | D:11     | 10495 ||| Stepping ~*~*~tactically~*~*~ (stealth).
 10509 | D:11     | 10509 ||| INVOKING Heroism.
 10510 | D:11     | Identified the +0 pair of gloves of Analysis {Rampage rF-
                  | rN+} (Okawaru gifted it to you on level 11 of the Dungeon)
 10510 | D:11     | Received a gift from Okawaru
 10521 | D:11     | 10521 ||| Stepping ~*~*~tactically~*~*~ (stealth).
 10522 | D:11     | 10522 ||| Stepping ~*~*~tactically~*~*~ (stealth).
 10523 | D:11     | 10523 ||| Stepping ~*~*~tactically~*~*~ (stealth).
 10525 | D:11     | 10525 ||| Stepping ~*~*~tactically~*~*~ (stealth).
 10612 | D:11     | 10612 ||| PLANNING LAIR
 10612 | D:11     | 10612 ||| UPGRADING to +2 hat.
 10617 | D:11     | 10617 ||| DROPPING +0 pair of gloves of Analysis {Rampage
                  | rF- rN+}.
 10640 | Lair:1   | Entered Level 1 of the Lair of Beasts
 10641 | Lair:1   | 10641 ||| INVOKING Heroism.
 10663 | Lair:1   | 10663 ||| Stepping ~*~*~tactically~*~*~ (stealth).
 10669 | Lair:1   | 10669 ||| Stepping ~*~*~tactically~*~*~ (stealth).
 10671 | Lair:1   | 10671 ||| Stepping ~*~*~tactically~*~*~ (stealth).
 10672 | Lair:1   | 10672 ||| Stepping ~*~*~tactically~*~*~ (stealth).
 10742 | Lair:1   | 10742 ||| Stepping ~*~*~tactically~*~*~ (hiding).
 10743 | Lair:1   | 10743 ||| Stepping ~*~*~tactically~*~*~ (hiding).
 10899 | Lair:1   | Noticed Erica
 10900 | Lair:1   | 10900 ||| INVOKING Heroism.
 10901 | Lair:1   | 10901 ||| INVOKING Finesse.
 10910 | Lair:1   | Killed Erica
 10911 | Lair:1   | Reached skill level 13 in Axes
 10957 | Lair:1   | 10957 ||| READING scroll of enchant weapon.
 10957 | Lair:1   | 10957 ||| ENCHANTING +4 vorpal broad axe.
 10977 | Lair:1   | 10977 ||| INVOKING Heroism.
 10992 | Lair:1   | 10992 ||| INVOKING Heroism.
 11082 | Lair:1   | 11082 ||| INVOKING Heroism.
 11268 | Lair:1   | 11268 ||| INVOKING Heroism.
 11274 | Lair:1   | Reached skill level 14 in Axes
 11512 | Lair:1   | 11512 ||| READING scroll labelled MUIMALATZE.
 11513 | Lair:1   | 11513 ||| READING scroll labelled EGEIT VUBEEKHLU.
 11527 | Lair:2   | 11527 ||| PLANNING GAUNTLET
 11527 | Lair:2   | 11527 ||| INVOKING Heroism.
 11529 | Lair:2   | 11529 ||| Stepping ~*~*~tactically~*~*~ (hiding).
 11533 | Lair:2   | Noticed Amaemon
 11546 | Lair:2   | Killed Amaemon
 11571 | Lair:2   | Reached skill level 9 in Shields
 11579 | Lair:2   | 11579 ||| Stepping ~*~*~tactically~*~*~ (stealth).
 11582 | Lair:2   | 11582 ||| Stepping ~*~*~tactically~*~*~ (stealth).
 11584 | Lair:2   | 11584 ||| Stepping ~*~*~tactically~*~*~ (stealth).
 11585 | Lair:2   | 11585 ||| Stepping ~*~*~tactically~*~*~ (stealth).
 11589 | Lair:2   | Reached XP level 13. HP: 58/76 MP: 21/21
 11590 | Lair:2   | 11590 ||| INVOKING Heroism.
 11592 | Lair:2   | HP: 18/76 [poisoned by a black mamba]
 11593 | Lair:2   | 11593 ||| READING 3 scrolls of teleportation.
 11594 | Lair:2   | 11594 ||| DRINKING 2 potions of heal wounds.
 11596 | Lair:2   | 11596 ||| DRINKING potion of heal wounds.
 11600 | Lair:2   | HP: 19/76 [poisoned by a black mamba]
 11601 | Lair:2   | 11601 ||| READING 2 scrolls of teleportation.
 11605 | Lair:2   | HP: 15/76 [poisoned by a black mamba]
 11608 | Lair:2   | 11608 ||| READING scroll of teleportation.
 11612 | Lair:2   | 11612 ||| FLEEEEING.
 11613 | Lair:2   | 11613 ||| FLEEEEING.
 11614 | Lair:2   | 11614 ||| FLEEEEING.
 11615 | Lair:2   | 11615 ||| STAIRDANCE
 11670 | Lair:1   | 11670 ||| DROPPING +2 flail of protection.
 11673 | Lair:2   | 11673 ||| INVOKING Heroism.
 11677 | Lair:2   | Received a gift from Okawaru
 11677 | Lair:2   | Found the +3 warlock's mirror {reflect}
 11678 | Lair:2   | 11678 ||| STAIRDANCE
 11736 | Lair:2   | 11736 ||| STAIRDANCE
 11746 | Lair:2   | 11746 ||| STAIRDANCE
 11768 | Lair:2   | 11768 ||| STAIRDANCE
 11774 | Lair:1   | Reached skill level 15 in Axes
 11835 | Lair:2   | 11835 ||| Stepping ~*~*~tactically~*~*~ (stealth).
 11836 | Lair:2   | 11836 ||| Stepping ~*~*~tactically~*~*~ (stealth).
 11840 | Lair:2   | 11840 ||| Stepping ~*~*~tactically~*~*~ (stealth).
 11856 | Lair:2   | 11856 ||| Stepping ~*~*~tactically~*~*~ (stealth).
 11868 | Lair:2   | 11868 ||| INVOKING Heroism.
 11906 | Lair:2   | 11906 ||| INVOKING Heroism.
 11961 | Lair:2   | Found a gate leading to a gauntlet.
 11970 | Gauntlet | Entered a Gauntlet
 11970 | Gauntlet | Found a transporter.
 11979 | Gauntlet | Found a transporter.
 11979 | Gauntlet | Noticed a great orb of eyes
 11996 | Gauntlet | Found a transporter.
 12000 | Gauntlet | Found a transporter.
 12021 | Gauntlet | Found a transporter.
 12034 | Gauntlet | Found a transporter.
 12041 | Gauntlet | Found a transporter.
 12045 | Gauntlet | Found a transporter.
 12066 | Gauntlet | Found a large runed translucent door.
 12066 | Gauntlet | Found a large runed translucent door.
 12067 | Gauntlet | Found a large runed translucent door.
 12068 | Gauntlet | Found a large runed translucent door.
 12069 | Gauntlet | Found a runed translucent gate.
 12070 | Gauntlet | Found a transporter.
 12070 | Gauntlet | Found a runed translucent gate.
 12071 | Gauntlet | Found a runed translucent gate.
 12073 | Gauntlet | Found a large runed translucent door.
 12075 | Gauntlet | Found a large runed translucent door.
 12085 | Gauntlet | Found a large runed translucent door.
 12086 | Gauntlet | Found a large runed translucent door.
 12087 | Gauntlet | Found a large runed translucent door.
 12087 | Gauntlet | Found a large runed translucent door.
 12087 | Gauntlet | Found a runed translucent door.
 12088 | Gauntlet | Found a large runed translucent door.
 12089 | Gauntlet | Found a large runed translucent door.
 12095 | Gauntlet | Found a transporter.
 12099 | Gauntlet | Found a transporter.
 12104 | Gauntlet | Found a transporter.
 12132 | Gauntlet | Found a large runed translucent door.
 12133 | Gauntlet | Found a large runed translucent door.
 12134 | Gauntlet | Found a large runed translucent door.
 12134 | Gauntlet | Found a runed translucent door.
 12135 | Gauntlet | Found a large runed translucent door.
 12166 | Gauntlet | 12166 ||| INVOKING Heroism.
 12191 | Gauntlet | Identified the amulet "Quasch" {RegenMP rC+ rN+ Str+4
                  | Dex-2}
 12197 | Gauntlet | 12197 ||| UPGRADING to amulet "Quasch" {RegenMP rC+ rN+
                  | Str+4 Dex-2}.
 12215 | Gauntlet | 12215 ||| INVOKING Finesse.
 12232 | Gauntlet | Identified the amulet "Dytukhlawn" {Spirit Str+4}
 12234 | Gauntlet | 12234 ||| DROPPING amulet of regeneration.
 12248 | Gauntlet | Noticed a minotaur
 12249 | Gauntlet | 12249 ||| INVOKING Heroism.
 12255 | Gauntlet | 12255 ||| INVOKING Finesse.
 12274 | Gauntlet | Killed a minotaur
 12481 | Gauntlet | 12481 ||| READING scroll of brand weapon.
 12481 | Gauntlet | 12481 ||| BRANDING +5 vorpal broad axe.
 12524 | Lair:2   | 12524 ||| PLANNING LAIR
 12560 | Lair:2   | 12560 ||| DRINKING 3 potions of cancellation.
 12617 | Lair:2   | 12617 ||| Stepping ~*~*~tactically~*~*~ (stealth).
 12630 | Lair:2   | 12630 ||| INVOKING Heroism.
 12632 | Lair:2   | Reached skill level 3 in Throwing
 12656 | Lair:2   | 12656 ||| Stepping ~*~*~tactically~*~*~ (stealth).
 12661 | Lair:2   | 12661 ||| Stepping ~*~*~tactically~*~*~ (stealth).
 12665 | Lair:2   | 12665 ||| INVOKING Heroism.
 12933 | Lair:2   | Found a staircase to the Snake Pit.
 13174 | Lair:2   | 13174 ||| INVOKING Heroism.
 13309 | Lair:3   | 13309 ||| STAIRDANCE
 13344 | Lair:3   | 13344 ||| INVOKING Heroism.
 13547 | Lair:3   | Found a staircase to the Shoals.
 13562 | Lair:3   | 13562 ||| INVOKING Heroism.
 13563 | Lair:3   | 13563 ||| SWAPPING to -2 demon whip of venom.
 13564 | Lair:3   | 13564 ||| INVOKING Finesse.
 13571 | Lair:3   | 13571 ||| SWAPPING to +5 broad axe of freezing.
 13696 | Lair:3   | Noticed Urug
 13697 | Lair:3   | 13697 ||| DRINKING 2 potions of cancellation.
 13698 | Lair:3   | 13698 ||| INVOKING Heroism.
 13699 | Lair:3   | 13699 ||| INVOKING Finesse.
 13706 | Lair:3   | 13706 ||| DRINKING potion of cancellation.
 13715 | Lair:3   | Killed Urug
 13715 | Lair:3   | Received a gift from Okawaru
 13935 | Lair:3   | 13935 ||| Stepping ~*~*~tactically~*~*~ (hiding).
 13941 | Lair:3   | 13941 ||| INVOKING Heroism.
 14316 | Lair:4   | 14316 ||| Stepping ~*~*~tactically~*~*~ (stealth).
 14318 | Lair:4   | 14318 ||| INVOKING Heroism.
 14330 | Lair:4   | Reached skill level 16 in Axes
 14522 | Lair:4   | 14522 ||| INVOKING Heroism.
 14523 | Lair:4   | 14523 ||| INVOKING Finesse.
 14526 | Lair:4   | Found a staircase to the Slime Pits.
 14527 | Lair:4   | Found a viscous altar of Jiyva.
 14542 | Lair:4   | HP: 11/78 [blink frog (10)]
 14543 | Lair:4   | 14543 ||| READING 2 scrolls of teleportation.
 14544 | Lair:4   | 14544 ||| DRINKING 2 potions of heal wounds.
 14720 | Lair:4   | 14720 ||| INVOKING Heroism.
 14724 | Lair:4   | Reached XP level 14. HP: 84/84 MP: 22/22
 14808 | Lair:4   | 14808 ||| INVOKING Heroism.
 14949 | Lair:4   | 14949 ||| READING scroll of enchant weapon.
 14949 | Lair:4   | 14949 ||| ENCHANTING +5 broad axe of freezing.
 14980 | Lair:4   | 14980 ||| INVOKING Heroism.
 14998 | Lair:4   | Reached skill level 9 in Armour
 15158 | Lair:4   | 15158 ||| Stepping ~*~*~tactically~*~*~ (stealth).
 15160 | Lair:4   | 15160 ||| Stepping ~*~*~tactically~*~*~ (stealth).
 15185 | Lair:4   | 15185 ||| Stepping ~*~*~tactically~*~*~ (stealth).
 15189 | Lair:4   | 15189 ||| INVOKING Heroism.
 15200 | Lair:4   | Identified the +1 cloak of Precision Catastrophes {Str+6}
                  | (Okawaru gifted it to you on level 4 of the Lair of Beasts)
 15200 | Lair:4   | Received a gift from Okawaru
 15304 | Lair:4   | You are sucked into a shaft and drop 1 floor!
 15304 | Lair:5   | Entered Level 5 of the Lair of Beasts
 15305 | Lair:5   | 15305 ||| INVOKING Heroism.
 15329 | Lair:5   | 15329 ||| INVOKING Finesse.
 15378 | Lair:5   | 15378 ||| Stepping ~*~*~tactically~*~*~ (stealth).
 15381 | Lair:5   | 15381 ||| Stepping ~*~*~tactically~*~*~ (stealth).
 15388 | Lair:5   | 15388 ||| INVOKING Heroism.
 15392 | Lair:5   | Reached skill level 17 in Axes
 15429 | Lair:5   | 15429 ||| INVOKING Heroism.
 15564 | Lair:5   | Identified the +7 arbalest of the Grave {freeze, +Blink
                  | rElec rF+}
 15580 | Lair:5   | 15580 ||| Stepping ~*~*~tactically~*~*~ (stealth).
 15586 | Lair:5   | 15586 ||| INVOKING Heroism.
 15587 | Lair:5   | 15587 ||| INVOKING Finesse.
 15593 | Lair:5   | 15593 ||| SWAPPING to -2 demon whip of venom.
 15594 | Lair:5   | 15594 ||| Stepping ~*~*~tactically~*~*~ (outnumbered).
 15599 | Lair:5   | 15599 ||| SWAPPING to +6 broad axe of freezing.
 15601 | Lair:5   | 15601 ||| SWAPPING to -2 demon whip of venom.
 15603 | Lair:5   | 15603 ||| SWAPPING to +6 broad axe of freezing.
 15619 | Lair:5   | 15619 ||| INVOKING Heroism.
 15621 | Lair:5   | 15621 ||| INVOKING Finesse.
 15622 | Lair:5   | 15622 ||| INVOKING Finesse.
 15636 | Lair:5   | 15636 ||| Stepping ~*~*~tactically~*~*~ (stealth).
 15637 | Lair:5   | 15637 ||| Stepping ~*~*~tactically~*~*~ (stealth).
 15696 | Lair:5   | 15696 ||| Stepping ~*~*~tactically~*~*~ (stealth).
 15697 | Lair:5   | 15697 ||| INVOKING Heroism.
 15709 | Lair:5   | Reached skill level 9 in Fighting
 15834 | Lair:5   | 15834 ||| INVOKING Heroism.
 15835 | Lair:5   | 15835 ||| INVOKING Finesse.
 15864 | Lair:5   | 15864 ||| Stepping ~*~*~tactically~*~*~ (stealth).
 15869 | Lair:5   | 15869 ||| Stepping ~*~*~tactically~*~*~ (hiding).
 15901 | Lair:5   | 15901 ||| Stepping ~*~*~tactically~*~*~ (stealth).
 15973 | Lair:5   | 15973 ||| Stepping ~*~*~tactically~*~*~ (stealth).
 15983 | Lair:5   | 15983 ||| FLEEEEING.
 15984 | Lair:5   | 15984 ||| FLEEEEING.
 15985 | Lair:5   | 15985 ||| FLEEEEING.
 16051 | Lair:5   | 16051 ||| UPGRADING to +1 cloak of Precision Catastrophes
                  | {Str+6}.
 16061 | Lair:5   | 16061 ||| DROPPING +0 cloak.
 16226 | Lair:4   | 16226 ||| INVOKING Heroism.
 16227 | Lair:4   | 16227 ||| SWAPPING to -2 demon whip of venom.
 16228 | Lair:4   | 16228 ||| INVOKING Finesse.
 16235 | Lair:4   | 16235 ||| SWAPPING to +6 broad axe of freezing.
 16476 | Lair:5   | Identified the +0 ring mail "Qaelar" {Harm Stlth+}
 16536 | Lair:5   | 16536 ||| INVOKING Heroism.
 16539 | Lair:5   | 16539 ||| SWAPPING to -2 demon whip of venom.
 16544 | Lair:5   | 16544 ||| SWAPPING to +6 broad axe of freezing.
 16623 | Lair:5   | 16623 ||| INVOKING Heroism.
 16628 | Lair:5   | Reached skill level 6 in Dodging
 16904 | Lair:5   | 16904 ||| INVOKING Heroism.
 16913 | Lair:5   | 16913 ||| SWAPPING to -2 demon whip of venom.
 16921 | Lair:5   | 16921 ||| SWAPPING to +6 broad axe of freezing.
 16924 | Lair:5   | Reached skill level 18 in Axes
 16944 | Lair:5   | 16944 ||| INVOKING Heroism.
 17437 | Lair:5   | 17437 ||| PLANNING D
 17437 | Lair:5   | 17437 ||| UPGRADING to +0 plate armour of fire resistance.
 17447 | Lair:5   | 17447 ||| DROPPING +0 plate armour.
 17448 | Lair:5   | 17448 ||| DROPPING ring of magical power.
 17620 | D:12     | 17620 ||| INVOKING Heroism.
 17621 | D:12     | 17621 ||| INVOKING Finesse.
 17637 | D:12     | Reached XP level 15. HP: 38/90 MP: 20/23
 17857 | D:12     | 17857 ||| READING scroll of enchant armour.
 17857 | D:12     | 17857 ||| ENCHANTING +0 plate armour of fire resistance.
 17872 | D:12     | 17872 ||| READING scroll of enchant armour.
 17872 | D:12     | 17872 ||| ENCHANTING +1 plate armour of fire resistance.
 17920 | D:12     | 17920 ||| Stepping ~*~*~tactically~*~*~ (hiding).
 17923 | D:12     | 17923 ||| Stepping ~*~*~tactically~*~*~ (hiding).
 17965 | D:12     | Found a runed translucent gate.
 17966 | D:12     | Found a runed translucent gate.
 17967 | D:12     | Found a runed translucent gate.
 17994 | D:12     | Noticed squishfish's ghost (journeyman TrMo)
 17994 | D:12     | Noticed Mocet's ghost (journeyman GnVM)
 17994 | D:12     | Noticed Cooqonn's ghost (journeyman DsVM)
 18003 | D:12     | 18003 ||| Stepping ~*~*~tactically~*~*~ (stealth).
 18009 | D:12     | 18009 ||| INVOKING Heroism.
 18025 | D:12     | HP: 22/90 [poisoned by a killer bee]
 18026 | D:12     | 18026 ||| READING 3 scrolls of teleportation.
 18027 | D:12     | 18027 ||| DRINKING potion of heal wounds.
 18030 | D:12     | 18030 ||| FLEEEEING.
 18031 | D:12     | 18031 ||| FLEEEEING.
 18032 | D:12     | 18032 ||| FLEEEEING.
 18033 | D:12     | 18033 ||| FLEEEEING.
 18034 | D:12     | 18034 ||| FLEEEEING.
 18044 | D:12     | 18044 ||| STAIRDANCE
 18244 | D:12     | 18244 ||| Stepping ~*~*~tactically~*~*~ (hiding).
 18245 | D:12     | 18245 ||| Stepping ~*~*~tactically~*~*~ (hiding).
 18366 | D:12     | 18366 ||| Stepping ~*~*~tactically~*~*~ (hiding).
 18367 | D:12     | 18367 ||| Stepping ~*~*~tactically~*~*~ (hiding).
 18368 | D:12     | 18368 ||| Stepping ~*~*~tactically~*~*~ (hiding).
 18540 | D:12     | 18540 ||| INVOKING Heroism.
 18660 | D:12     | Received a gift from Okawaru
 18666 | D:12     | 18666 ||| Stepping ~*~*~tactically~*~*~ (stealth).
 18788 | D:12     | 18788 ||| READING 2 scrolls of teleportation.
 18884 | D:13     | 18884 ||| Stepping ~*~*~tactically~*~*~ (hiding).
 18885 | D:13     | 18885 ||| INVOKING Heroism.
 18890 | D:13     | 18890 ||| FLEEEEING.
 18891 | D:13     | 18891 ||| FLEEEEING.
 18892 | D:13     | 18892 ||| FLEEEEING.
 18893 | D:13     | 18893 ||| FLEEEEING.
 18894 | D:13     | 18894 ||| FLEEEEING.
 18895 | D:13     | 18895 ||| FLEEEEING.
 18896 | D:13     | 18896 ||| FLEEEEING.
 18897 | D:13     | 18897 ||| FLEEEEING.
 18898 | D:13     | 18898 ||| FLEEEEING.
 18899 | D:13     | 18899 ||| FLEEEEING.
 18900 | D:13     | 18900 ||| FLEEEEING.
 19058 | D:13     | 19058 ||| FLEEEEING.
 19059 | D:13     | 19059 ||| FLEEEEING.
 19066 | D:13     | 19066 ||| STAIRDANCE
 19218 | D:13     | 19218 ||| Stepping ~*~*~tactically~*~*~ (hiding).
 19220 | D:13     | 19220 ||| Stepping ~*~*~tactically~*~*~ (hiding).
 19226 | D:13     | Received a gift from Okawaru
 19250 | D:13     | Found a gate to the Vaults.
 19251 | D:13     | 19251 ||| INVOKING Heroism.
 19506 | D:13     | 19506 ||| INVOKING Heroism.
 19885 | D:13     | 19885 ||| Stepping ~*~*~tactically~*~*~ (hiding).
 20061 | D:14     | 20061 ||| Stepping ~*~*~tactically~*~*~ (hiding).
 20064 | D:14     | 20064 ||| INVOKING Heroism.
 20091 | D:14     | Noticed Frances
 20092 | D:14     | 20092 ||| INVOKING Heroism.
 20093 | D:14     | 20093 ||| INVOKING Finesse.
 20106 | D:14     | Killed Frances
 20213 | D:14     | 20213 ||| Stepping ~*~*~tactically~*~*~ (hiding).
 20353 | D:14     | Found a transporter.
 20357 | D:14     | Found a shimmering blue altar of Sif Muna.
 20384 | D:14     | Found a burning altar of Makhleb.
 20447 | D:14     | Identified the ring "Cuer" {Drain rC+ Will+ rCorr}
 20464 | D:14     | Reached skill level 6 in Throwing
 20567 | D:14     | Noticed Agnes
 20568 | D:14     | 20568 ||| INVOKING Heroism.
 20569 | D:14     | 20569 ||| INVOKING Finesse.
 20575 | D:14     | Killed Agnes
 21000 | D:14     | 21000 ||| DROPPING +6 ring of intelligence.
 21016 | D:15     | Entered Level 15 of the Dungeon
 21051 | D:15     | Found Qibriun's Antique Armour Emporium.
 21060 | D:15     | 21060 ||| BUYING shiny chain mail (270 gold).
 21060 | D:15     | Bought a shiny chain mail for 270 gold pieces
 21147 | D:15     | Received a gift from Okawaru
 21248 | D:15     | Found a runed translucent gate.
 21248 | D:15     | Found a runed translucent gate.
 21248 | D:15     | Found a runed translucent gate.
 21249 | D:15     | 21249 ||| INVOKING Heroism.
 21250 | D:15     | 21250 ||| SWAPPING to -2 demon whip of venom.
 21251 | D:15     | 21251 ||| INVOKING Finesse.
 21256 | D:15     | 21256 ||| SWAPPING to +6 broad axe of freezing.
 21317 | D:15     | 21317 ||| READING scroll of enchant weapon.
 21317 | D:15     | 21317 ||| ENCHANTING +6 broad axe of freezing.
 21325 | D:15     | 21325 ||| Stepping ~*~*~tactically~*~*~ (stealth).
 21327 | D:15     | 21327 ||| INVOKING Heroism.
 21381 | D:15     | Found a blossoming altar of Fedhas.
 21398 | D:15     | 21398 ||| INVOKING Heroism.
 21547 | D:15     | 21547 ||| FLEEEEING.
 21548 | D:15     | 21548 ||| FLEEEEING.
 21549 | D:15     | 21549 ||| FLEEEEING.
 21550 | D:15     | 21550 ||| FLEEEEING.
 21551 | D:15     | 21551 ||| FLEEEEING.
 21562 | D:15     | 21562 ||| FLEEEEING.
 21563 | D:15     | 21563 ||| FLEEEEING.
 21564 | D:15     | 21564 ||| FLEEEEING.
 21565 | D:15     | 21565 ||| FLEEEEING.
 21566 | D:15     | 21566 ||| FLEEEEING.
 21567 | D:15     | 21567 ||| FLEEEEING.
 21568 | D:15     | 21568 ||| FLEEEEING.
 21569 | D:15     | 21569 ||| FLEEEEING.
 21570 | D:15     | 21570 ||| FLEEEEING.
 21571 | D:15     | 21571 ||| FLEEEEING.
 21572 | D:15     | 21572 ||| FLEEEEING.
 21573 | D:15     | 21573 ||| FLEEEEING.
 21574 | D:15     | 21574 ||| FLEEEEING.
 21575 | D:15     | 21575 ||| FLEEEEING.
 21576 | D:15     | 21576 ||| FLEEEEING.
 21577 | D:15     | 21577 ||| FLEEEEING.
 21578 | D:15     | 21578 ||| STAIRDANCE
 21643 | D:14     | 21643 ||| DROPPING +1 chain mail of poison resistance.
 21729 | D:15     | 21729 ||| Stepping ~*~*~tactically~*~*~ (hiding).
 21841 | D:15     | Found a staircase to the Depths.
 21842 | D:15     | 21842 ||| INVOKING Heroism.
 22182 | D:15     | Noticed qw's ghost (adept TeWr)
 22319 | D:15     | 22319 ||| READING scroll of teleportation.
 22320 | D:15     | 22320 ||| PLANNING ORC
 22488 | Orc:1    | Entered Level 1 of the Orcish Mines
 22492 | Orc:1    | 22492 ||| INVOKING Heroism.
 22505 | Orc:1    | 22505 ||| Stepping ~*~*~tactically~*~*~ (hiding).
 22507 | Orc:1    | 22507 ||| Stepping ~*~*~tactically~*~*~ (hiding).
 22513 | Orc:1    | 22513 ||| Stepping ~*~*~tactically~*~*~ (hiding).
 22596 | Orc:1    | 22596 ||| Stepping ~*~*~tactically~*~*~ (hiding).
 22598 | Orc:1    | 22598 ||| Stepping ~*~*~tactically~*~*~ (hiding).
 22612 | Orc:1    | 22612 ||| Stepping ~*~*~tactically~*~*~ (hiding).
 22614 | Orc:1    | 22614 ||| Stepping ~*~*~tactically~*~*~ (hiding).
 22616 | Orc:1    | 22616 ||| Stepping ~*~*~tactically~*~*~ (hiding).
 22619 | Orc:1    | 22619 ||| Stepping ~*~*~tactically~*~*~ (hiding).
 22627 | Orc:1    | 22627 ||| INVOKING Heroism.
 22635 | Orc:1    | 22635 ||| Stepping ~*~*~tactically~*~*~ (hiding).
 22886 | Orc:1    | 22886 ||| INVOKING Heroism.
 22887 | Orc:1    | 22887 ||| INVOKING Finesse.
 22896 | Orc:1    | Received a gift from Okawaru
 23011 | Orc:2    | Entered Level 2 of the Orcish Mines
 23012 | Orc:2    | 23012 ||| INVOKING Heroism.
 23015 | Orc:2    | 23015 ||| STAIRDANCE
 23039 | Orc:2    | 23039 ||| Stepping ~*~*~tactically~*~*~ (hiding).
 23040 | Orc:2    | 23040 ||| Stepping ~*~*~tactically~*~*~ (hiding).
 23046 | Orc:2    | 23046 ||| INVOKING Heroism.
 23048 | Orc:2    | 23048 ||| Stepping ~*~*~tactically~*~*~ (hiding).
 23105 | Orc:2    | 23105 ||| INVOKING Heroism.
 23111 | Orc:2    | Found Paclemaj's Armour Shoppe.
 23111 | Orc:2    | Found Vinush's Jewellery Shop.
 23112 | Orc:2    | Received a gift from Okawaru
 23128 | Orc:2    | Reached XP level 16. HP: 53/100 MP: 24/24
 23130 | Orc:2    | HP: 25/100 [two-headed ogre/+0 giant spiked club (14)]
 23131 | Orc:2    | 23131 ||| DRINKING 3 potions of heal wounds.
 23136 | Orc:2    | HP: 22/100 [ogre/+0 giant club (6)]
 23137 | Orc:2    | 23137 ||| DRINKING 2 potions of heal wounds.
 23143 | Orc:2    | 23143 ||| INVOKING Heroism.
 23143 | Orc:2    | HP: 24/100 [ogre mage/+0 halberd (5)]
 23144 | Orc:2    | 23144 ||| DRINKING potion of heal wounds.
 23147 | Orc:2    | Received a gift from Okawaru
 23151 | Orc:2    | Found Icata's Weapon Boutique.
 23151 | Orc:2    | Found Ruinyz's Armour Shoppe.
 23393 | Orc:2    | 23393 ||| BUYING +6 ring of dexterity (504 gold).
 23393 | Orc:2    | Bought a +6 ring of dexterity for 504 gold pieces
 23393 | Orc:2    | 23393 ||| BUYING ring of Doubts {rPois rF- rCorr SInv
                  | Stlth+} (456 gold).
 23393 | Orc:2    | Bought the ring of Doubts {rPois rF- rCorr SInv Stlth+} for
                  | 456 gold pieces
 23406 | Orc:2    | 23406 ||| INVOKING Heroism.
 23417 | Orc:2    | 23417 ||| Stepping ~*~*~tactically~*~*~ (stealth).
 23420 | Orc:2    | 23420 ||| Stepping ~*~*~tactically~*~*~ (hiding).
 23504 | Orc:2    | 23504 ||| INVOKING Heroism.
 23540 | Orc:2    | Found a staircase to the Elven Halls.
 23713 | Orc:2    | Received a gift from Okawaru
 23882 | Orc:2    | 23882 ||| DROPPING ring of resist corrosion.
 23883 | Orc:2    | 23883 ||| UPGRADING to ring of Doubts {rPois rF- rCorr SInv
                  | Stlth+}.
 24050 | Orc:1    | 24050 ||| PLANNING SNAKE:1-3
 24212 | Snake:1  | Entered Level 1 of the Snake Pit
 24213 | Snake:1  | 24213 ||| INVOKING Heroism.
 24231 | Snake:1  | HP: 25/100 [poisoned by a naga ritualist (splash of
                  | poison)]
 24236 | Snake:1  | HP: 19/100 [poisoned by a naga ritualist (toxic radiance)]
 24239 | Snake:1  | HP: 8/100 [poisoned by a naga ritualist (toxic radiance)]
 24240 | Snake:1  | 24240 ||| DRINKING 5 potions of curing.
 24240 | Snake:1  | 24240 ||| (to cure poison)
 24258 | Snake:1  | Reached skill level 9 in Dodging
 24503 | Snake:1  | 24503 ||| Stepping ~*~*~tactically~*~*~ (stealth).
 24504 | Snake:1  | 24504 ||| Stepping ~*~*~tactically~*~*~ (stealth).
 24627 | Snake:1  | 24627 ||| INVOKING Heroism.
 24632 | Snake:1  | Reached skill level 12 in Shields
 24800 | Snake:1  | 24800 ||| INVOKING Heroism.
 24814 | Snake:1  | Identified the +0 pair of gloves "Keironai" {Str+4}
                  | (Okawaru gifted it to you on level 1 of the Snake Pit)
 24814 | Snake:1  | Received a gift from Okawaru
 24920 | Snake:1  | 24920 ||| Stepping ~*~*~tactically~*~*~ (stealth).
 24921 | Snake:1  | 24921 ||| Stepping ~*~*~tactically~*~*~ (stealth).
 25109 | Snake:1  | Found Qimuycwo's Antique Weapon Emporium.
 25112 | Snake:1  | Found Buotadgh's Magic Scroll Shoppe.
 25115 | Snake:1  | Found Piler's Magic Scroll Emporium.
 25187 | Snake:1  | 25187 ||| BUYING 2 scrolls of enchant armour (270 gold).
 25187 | Snake:1  | Bought 2 scrolls of enchant armour for 270 gold pieces
 25187 | Snake:1  | 25187 ||| BUYING scroll of teleportation (54 gold).
 25187 | Snake:1  | Bought a scroll of teleportation for 54 gold pieces
 25187 | Snake:1  | 25187 ||| BUYING scroll of teleportation (54 gold).
 25187 | Snake:1  | Bought a scroll of teleportation for 54 gold pieces
 25187 | Snake:1  | 25187 ||| BUYING scroll of teleportation (54 gold).
 25187 | Snake:1  | Bought a scroll of teleportation for 54 gold pieces
 25187 | Snake:1  | 25187 ||| READING 2 scrolls of enchant armour.
 25187 | Snake:1  | 25187 ||| ENCHANTING +2 plate armour of fire resistance.
 25188 | Snake:1  | 25188 ||| READING scroll of enchant armour.
 25188 | Snake:1  | 25188 ||| ENCHANTING +3 plate armour of fire resistance.
 25191 | Snake:1  | 25191 ||| BUYING scroll of enchant armour (150 gold).
 25191 | Snake:1  | Bought a scroll of enchant armour for 150 gold pieces
 25191 | Snake:1  | 25191 ||| READING scroll of enchant armour.
 25191 | Snake:1  | 25191 ||| ENCHANTING +4 plate armour of fire resistance.
 25415 | Snake:1  | 25415 ||| DROPPING +2 chain mail of poison resistance.
 25416 | Snake:1  | 25416 ||| UPGRADING to +0 pair of gloves "Keironai"
                  | {Str+4}.
 25426 | Snake:1  | 25426 ||| DROPPING +2 pair of gloves.
 25539 | Snake:2  | Reached skill level 12 in Fighting
 25541 | Snake:2  | 25541 ||| INVOKING Heroism.
 25663 | Snake:2  | 25663 ||| Stepping ~*~*~tactically~*~*~ (hiding).
 25788 | Snake:2  | 25788 ||| READING scroll of enchant weapon.
 25788 | Snake:2  | 25788 ||| ENCHANTING +7 broad axe of freezing.
 26071 | Snake:2  | 26071 ||| Stepping ~*~*~tactically~*~*~ (hiding).
 26073 | Snake:2  | 26073 ||| Stepping ~*~*~tactically~*~*~ (hiding).
 26135 | Snake:2  | Reached skill level 9 in Throwing
 26193 | Snake:2  | 26193 ||| Stepping ~*~*~tactically~*~*~ (stealth).
 26215 | Snake:2  | 26215 ||| INVOKING Heroism.
 26217 | Snake:2  | Noticed a nagaraja
 26219 | Snake:2  | 26219 ||| Stepping ~*~*~tactically~*~*~ (hiding).
 26230 | Snake:2  | HP: 9/101 [naga warrior/+0 halberd (33)]
 26231 | Snake:2  | 26231 ||| READING 3 scrolls of teleportation.
 26231 | Snake:2  | Mangled by a nagaraja

Levels and vault maps discovered:
D:1:      elethiomel_arrival_diamonds, layout_basic,
          dreamdust_ecumenical_altar_angels_and_demons, serial_shops, shop,
          due_unseen_surprise
D:2:      layout_basic, corexii_hall_statues_i, minmay_misc_feat_chi
D:3:      layout_rooms, amcnicky_altar_gilded, minmay_shallow_snake_nest
D:4:      layout_basic, minmay_temple_entry_trees,
          nicolae_kite_square_tiling_tiny, corexii_corridor_pit,
          kennysheep_generic_room_13
D:5:      layout_cave_pods, nicolae_uskayaw_murder_on_the_dancefloor,
          general_overflow_altar, serial_shops, nicolae_shop_hallway_stairs,
          gup_sewer_entry_glass, kennysheep_generic_room_14, uniq_ijyb
D:6:      layout_rooms, mainiacjoe_overflow_catwalk, nemelex_spade_bored_becter,
          grunt_temple_overflow_lords_of_destruction, corexii_shack
D:7:      layout_cave_pods, david_defended_altar_orc
D:8:      layout_cave_pools, serial_gnoll_camp, gnoll_camp_mini_basic,
          gnoll_camp_medium_01, gnoll_camp_medium_02, gnoll_camp_mini_sergeant,
          gnoll_camp_mini_house, serial_bayou_ford_a, grunt_ogre_cave,
          corner_web_ring, uniq_grum, uniq_pikel
D:9:      layout_cave_pools, nzn_overflow_gifts_of_might_and_magic
D:10:     layout_roguey, marbit_many_paths, nicolae_hepliaklqana_hazy_memory,
          chei_slow_surprise, nicolae_wu_jian_wuxing_cycle, erik_orc_1,
          patterned_corridor
D:11:     layout_cave_pools, due_lair_maze_entry_diamond,
          portal_ice_cave_demonic_guard, gammafunk_ghost_smash, st_stairs_7,
          minmay_shop_grid_forest, uniq_fannar
D:12:     layout_rooms, special_room [special_room_bee],
          gammafunk_ghost_cemetery, lightli_fourway_metalbox
D:13:     layout_irregular_city, skrybe_vaults_entry_preservation,
          grunt_decor_one_mirror
D:14:     gammafunk_sealed_library, layout_rooms, nicolae_two_hexagons,
          kennysheep_doodads, demons_altar, uniq_frances, uniq_agnes
D:15:     grunt_enter_depths_snipers, layout_irregular_city, serial_shops,
          nicolae_shop_statue_plus, gammafunk_ghost_necromancy, fountainhead,
          tgw_fedhas
Temple:   compressed_dpeg_triangle_lava_temple
Lair:1:   layout_hall_layers, beast_lair_carwin_10, grunt_megastairs_2,
          uniq_erica
Lair:2:   layout_hall_layers, minmay_snake_entry_six_corridors,
          gauntlet_entry_generic, grunt_megastairs_3,
          infiniplex_staircase_pool_2, uniq_amaemon
Lair:3:   layout_regular_city, shoals_dummy_entry, uniq_urug
Lair:4:   layout_loops_ring, minmay_slime_entry_oklob_open, grunt_megastairs_1,
          infiniplex_staircase_pool
Lair:5:   minmay_lair_end_enchanted_forest, layout_regular_city,
          grunt_megastairs_4
Snake:1:  layout_onion, special_room, minmay_shop_star, lemuel_fruit_tree,
          serial_bayou_shore_b
Snake:2:  nicolae_cobra_stairs, layout_layer_cave, nicolae_snake_magic_snake_eye
Orc:1:    layout_diamond_mine, mines3_lemuel
Orc:2:    st_orc_ogre_mass, layout_caves

Skill      XL: |  1  2  3  4  5  6  7  8  9 10 11 12 13 14 15 16 |
---------------+-------------------------------------------------+-----
Axes           | 3 4 5 7 8 10 11 12 14 16 18 | 18.0
Armour         | 2 3 6 7 8 9 10 11 | 11.7
Fighting       | 3 4 5 6 7 8 9 11 12 | 12.0
Invocations    | 3 4 6 9 10 | 10.0
Dodging        | 3 4 5 6 8 9 |  9.0
Shields        | 2 7 9 10 11 12 | 12.0
Throwing       | 4 5 7 9 |  9.0
Spellcasting   | |  2.0
Translocations | |  2.4

Action                   |  1- 3 |  4- 6 |  7- 9 | 10-12 | 13-15 | 16-18 || total
-------------------------+-------+-------+-------+-------+-------+-------++-------
Melee: Hand axe          |    91 |    29 |       |       |       |       ||   120
       Kick              |    24 |    43 |    68 |   159 |   234 |    74 ||   602
       Peck              |    10 |    20 |    49 |   101 |   151 |    36 ||   367
       Punch             |     1 |     1 |     2 |     3 |       |       ||     7
       War axe           |       |   130 |   272 |   298 |       |       ||   700
       Broad axe         |       |       |       |   217 |   732 |   202 ||  1151
       Demon whip        |       |       |       |       |    30 |       ||    30
Throw: Boomerang         |     7 |       |       |    74 |   102 |       ||   183
       Javelin           |       |       |       |       |   105 |    18 ||   123
Invok: Heroism           |       |       |    12 |    32 |    50 |     8 ||   102
       Finesse           |       |       |       |     1 |    15 |       ||    16
  Use: Scroll            |     1 |     4 |    10 |    11 |    12 |     5 ||    43
       Potion            |     1 |     2 |     6 |     4 |     7 |     4 ||    24
 Stab: Distracted        |       |       |       |     1 |       |       ||     1
Armor: Leather armour    |    17 |       |       |       |       |       ||    17
       Scale mail        |    10 |    48 |       |       |       |       ||    58
       Chain mail        |       |    18 |   101 |       |       |       ||   119
       Plate armour      |       |       |     3 |   260 |   228 |    57 ||   548
Dodge: Dodged            |    53 |    74 |    86 |   165 |   224 |   101 ||   703
Block: Kite shield       |       |       |       |   249 |   460 |   148 ||   857

Table legend:
 A = Non-vault XP
 B = Vault XP
 C = Vault XP percentage of total XP
 D = Non-vault monster count
 E = Vault monster count
 F = Vault count percentage of total count
                 A         B        C        D         E       F
            +---------+---------+-------+---------+---------+-------
      Total |  101617 |   70915 |  41.1 |     501 |     332 |  39.9
            +---------+---------+-------+---------+---------+-------
        D:1 |      53 |       9 |  14.5 |      27 |       7 |  20.6
        D:2 |      35 |       0 |   0.0 |      12 |       0 |   0.0
        D:3 |      93 |      26 |  21.8 |      18 |      10 |  35.7
        D:4 |     249 |       0 |   0.0 |      18 |       0 |   0.0
        D:5 |     867 |     225 |  20.6 |      18 |       6 |  25.0
        D:6 |     758 |      48 |   6.0 |      14 |       2 |  12.5
        D:7 |    1998 |     123 |   5.8 |      29 |       3 |   9.4
        D:8 |     802 |    2424 |  75.1 |      20 |      49 |  71.0
        D:9 |    2465 |     513 |  17.2 |      31 |       2 |   6.1
       D:10 |    4139 |    1716 |  29.3 |      26 |      27 |  50.9
       D:11 |    1447 |    1885 |  56.6 |       7 |       6 |  46.2
       D:12 |    3298 |    4644 |  58.5 |      14 |      30 |  68.2
       D:13 |    6266 |    5142 |  45.1 |      12 |       9 |  42.9
       D:14 |    4377 |    3108 |  41.5 |      11 |       5 |  31.2
       D:15 |    4933 |    2640 |  34.9 |      13 |       3 |  18.8
     Lair:1 |    4429 |    5004 |  53.0 |      15 |      17 |  53.1
     Lair:2 |    5630 |    6039 |  51.8 |      22 |      16 |  42.1
     Lair:3 |    4470 |     806 |  15.3 |      19 |       1 |   5.0
     Lair:4 |    8786 |    2360 |  21.2 |      30 |       4 |  11.8
     Lair:5 |   11594 |   11255 |  49.3 |      34 |      62 |  64.6
    Snake:1 |   20507 |       0 |   0.0 |      38 |       0 |   0.0
    Snake:2 |    9130 |    3655 |  28.6 |      16 |       6 |  27.3
      Orc:1 |    2798 |     580 |  17.2 |      29 |       1 |   3.3
      Orc:2 |    2493 |   14335 |  85.2 |      28 |      36 |  56.2
      Sewer |       0 |     694 | 100.0 |       0 |      24 | 100.0
   Gauntlet |       0 |    3684 | 100.0 |       0 |       6 | 100.0
            +---------+---------+-------+---------+---------+-------
